AoeStats
← Rat-Chimp

Black Forest

507698118Analyzed
4v4 RM · 13d ago on Sep 19, 2026· 60m 9s· 8 players
Game mode
Random Map
Map size
Large (8 player)
Population
200
Speed
Normal
Resources
Standard
Victory
Conquest
Starting age
Dark Age
Ending age
Imperial Age
RankedLock teamsTeams togetherTeam positionsShared explorationLock speedFull tech treeHidden civsTurbo modeCheats
Victory
Defeat
🇹🇼 Britons · Taiwan
1032
+15
🇧🇪 Burgundians · Belgium
1018
+15
🇨🇳 Khmer · China
1016
+15
🇦🇺 Cumans · Australia
1005
+16
🇦🇺 Spanish · Australia
1174
-22
🇬🇧 Teutons · United Kingdom
1032
-17
🇦🇺 Italians · Australia
976
-14
🇦🇺 Franks · Australia
810
-8
Hype-Rat
11:27 Feudal Age
12:47 Horse Collar
18:30 Castle Age
17:07 Horse Collar
23:05 Scale Barding Armor
28:25 Pikeman
29:38 Heavy Plow
32:28 Squires
32:13 Gambesons
41:30 Imperial Age
40:35 Wheelbarrow
39:46 Town Watch
39:46 Loom
42:02 Ballistics
43:23 Chemistry
43:06 Conscription
45:04 Hand Cart
46:12 Gold Mining
46:13 Stone Mining
48:56 Masonry
48:43 Double-Bit Axe
50:02 Elite Conquistador
53:15 Chain Barding Armor
55:47 Plate Barding Armor
55:14 Padded Archer Armor
55:47 Fletching
55:59 Padded Archer Armor
Rat-Chimp
1:43 Loom
11:45 Feudal Age
13:05 Double-Bit Axe
17:24 Castle Age
17:34 Horse Collar
20:15 Thumb Ring
24:27 Fletching
26:52 Elite Skirmisher
27:32 Bodkin Arrow
28:14 Heavy Plow
29:40 Wheelbarrow
29:11 Pikeman
30:29 Silk Road
31:31 Ballistics
31:42 Squires
31:04 Crossbowman
32:12 Hand Cart
35:33 Imperial Age
36:32 Town Watch
38:57 Bracer
38:58 Scale Mail Armor
39:08 Forging
41:56 Chemistry
41:18 Chain Mail Armor
48:12 Pirotechnia
58:03 Illumination
RatLips
4:20 Loom
11:19 Feudal Age
16:58 Castle Age
15:28 Double-Bit Axe
15:26 Horse Collar
18:08 Bow Saw
18:56 Wheelbarrow
20:08 Town Watch
21:12 Gold Mining
21:42 Forging
22:45 Fletching
25:19 Bodkin Arrow
30:54 Imperial Age
29:52 Scale Mail Armor
30:15 Hand Cart
30:59 Chain Mail Armor
32:01 Iron Casting
35:24 Crenellations
39:26 Plate Mail Armor
39:56 Blast Furnace
40:11 Masonry
40:36 Conscription
42:35 Squires
42:22 Arson
43:03 Ballistics
43:44 Chemistry
44:15 Two-Man Saw
43:08 Stone Mining
43:42 Onager
44:46 Ironclad
45:13 Heavy Plow
45:23 Siege Onager
46:57 Hoardings
46:58 Siege Engineers
49:24 Pikeman
50:20 Halberdier
53:06 Town Patrol
53:27 Guilds
55:16 Fortified Wall
Ratrat
11:52 Feudal Age
10:11 Loom
20:23 Castle Age
19:57 Wheelbarrow
31:27 Scale Barding Armor
31:23 Scale Mail Armor
31:34 Forging
32:06 Caravan
34:34 Hand Cart
42:25 Imperial Age
44:27 Elite Throwing Axeman
47:43 Double-Bit Axe
47:54 Stone Mining
49:41 Murder Holes
kobe876515
0:30 Loom
11:25 Feudal Age
17:01 Castle Age
16:53 Double-Bit Axe
16:51 Horse Collar
18:16 Wheelbarrow
17:57 Bow Saw
20:59 Heavy Plow
20:57 Gold Mining
20:58 Stone Mining
26:42 Fletching
28:14 Hand Cart
30:13 Gold Shaft Mining
34:35 Imperial Age
32:33 Bodkin Arrow
32:38 Padded Archer Armor
34:11 Ballistics
34:44 Yeomen
35:00 Caravan
35:09 Town Watch
36:02 Bracer
36:17 Leather Archer Armor
36:40 Conscription
36:38 Elite Longbowman
38:43 Ring Archer Armor
48:42 Chemistry
54:10 Coinage
56:14 Two-Man Saw
56:49 Warwolf
58:46 Town Patrol
知行
11:50 Feudal Age
15:44 Castle Age
13:59 Horse Collar
14:37 Double-Bit Axe
18:22 Wheelbarrow
19:35 Bow Saw
20:40 Loom
25:40 Heavy Plow
29:46 Imperial Age
28:30 Hand Cart
29:19 Pikeman
29:45 Arson
30:49 Forging
30:40 Scale Mail Armor
32:25 Iron Casting
31:18 Halberdier
33:17 Conscription
33:18 Chain Mail Armor
34:26 Blast Furnace
33:59 Coinage
35:41 Chemistry
35:02 Ballistics
35:22 Heavy Scorpion
35:51 Capped Ram
37:47 Banking
37:18 Caravan
38:30 Bloodlines
38:27 Husbandry
38:56 Light Cavalry
39:57 Scale Barding Armor
39:33 Hussar
42:17 Chain Barding Armor
44:28 Plate Barding Armor
44:08 Siege Ram
53:04 Gold Mining
Wimvdm91
9:54 Feudal Age
8:12 Loom
10:40 Double-Bit Axe
19:36 Castle Age
17:44 Horse Collar
18:02 Stone Mining
18:03 Gold Mining
24:16 Gold Shaft Mining
24:57 Caravan
26:15 Husbandry
28:30 Forging
30:57 Elite Skirmisher
31:02 Cavalier
32:33 Iron Casting
34:28 Wheelbarrow
34:16 Bow Saw
34:13 Heavy Plow
38:23 Imperial Age
36:11 Hand Cart
37:29 Scale Barding Armor
39:22 Ballistics
40:06 Chemistry
39:26 Ballistics
38:33 Capped Ram
38:58 Elite Coustillier
41:14 Conscription
42:14 Burgundian Vineyards
44:30 Crop Rotation
45:19 Chain Barding Armor
49:12 Plate Barding Armor
53:50 Onager
58:58 Paladin
Get Wharfied
0:53 Loom
12:04 Feudal Age
15:41 Wheelbarrow
15:36 Double-Bit Axe
16:17 Horse Collar
24:55 Castle Age
24:16 Gold Mining
24:17 Stone Mining
24:44 Forging
24:39 Scale Barding Armor
26:17 Iron Casting
28:56 Bloodlines
30:02 Capped Ram
32:52 Chain Barding Armor
35:18 Hand Cart
35:37 Fletching
38:41 Gold Shaft Mining
38:35 Bodkin Arrow
42:59 Padded Archer Armor
43:41 Bow Saw
47:28 Imperial Age
48:08 Steppe Husbandry
47:59 Siege Ram
48:53 Cuman Mercenaries
49:20 Conscription
50:51 Elite Steppe Lancer
53:44 Blast Furnace
53:56 Plate Barding Armor
53:37 Leather Archer Armor
Connection lost

Rejoining the realm…

Still unreachable

The connection could not be restored.

Session expired

The server has moved on; the page needs a fresh start.